 Dungeon Crawl Stone Soup version 0.28-a0-863-g8cecda6153 (webtiles) character file.

Game seed: 14269320438110576545

3112 sanka the Cleaver (level 9, -10/73 HPs)
             Began as a Palentonga Abyssal Knight on Nov 16, 2021.
             Was a Priest of Lugonu.
             Killed from afar by Maggie (17 damage)
             ... with a bolt of fire
             ... on level 8 of the Dungeon.
             The game lasted 00:12:46 (11556 turns).

sanka the Cleaver (Palentonga Abyssal Knight)      Turns: 11556, Time: 00:12:46

Health: -10/73     AC: 12    Str: 19    XL:     9   Next: 60%
Magic:  15/15      EV:  9    Int: 13    God:    Lugonu [***...]
Gold:   493        SH:  6    Dex: 19    Spells: 8/8 levels left

rFire   . . .      SeeInvis +   a - +0 war axe
rCold   . . .      Faith    +   B - +1 buckler of Card Tricks {Int+3 SInv}
rNeg    . . .      Spirit   .   t - +0 leather armour of Insurance {Dex+7}
rPois   .          Reflect  .   (no helmet)
rElec   .          Harm     .   L - +0 cloak
rCorr   .          Rampage  .   (no gloves)
Will    +....                   (no barding)
Stlth   +.........              z - amulet of faith
HPRegen 0.22/turn               G - ring of willpower
MPRegen 0.14/turn               (no ring)

@: mesmerised, curled up
A: large, rugged brown scales 3, see invisible, deformed body, roll 1, armoured
tail, reflexive curl
a: Rolling Charge, Renounce Religion, Depart the Abyss, Bend Space, Banish


You were on level 8 of the Dungeon.
You worshipped Lugonu.
Lugonu was most pleased with you.
You visited 1 branch of the dungeon, and saw 8 of its levels.
You visited the Abyss 1 time.

You collected 493 gold pieces.


Innate Abilities, Weirdness & Mutations

You are completely covered in rugged brown scales. (AC +3, +7% HP)
You have supernaturally acute eyesight. (SInv)
Armour fits poorly on your strangely shaped body.
You can roll at nearby foes to attack.
You have a long armoured tail.
You curl defensively after being hit. (AC +7*)


   Skills:
 - Level 6.0 Fighting
 + Level 10.0 Axes
 - Level 1.5 Armour
 - Level 0.7 Dodging
 - Level 2.4 Shields
 - Level 8.0 Invocations


You had 8 spell levels left.
You didn't know any spells.
Your spell library was empty.

Inventory:

Hand Weapons
 a - a +0 war axe (weapon)
 b - a +2 whip of venom
 C - a +1 whip of electrocution
Missiles
 q - 15 bolts
 s - 6 javelins
Armour
 t - the +0 leather armour of Insurance (worn) {Dex+7}

   Dex:       It affects your dexterity (+7).
 B - the +1 buckler of Card Tricks (worn) {Int+3 SInv}

   Int:       It affects your intelligence (+3).
   SInv:      It lets you see invisible.
 E - a scarf of shadows
 L - a +0 cloak (worn)
Magical Staves
 F - a staff of death
Jewellery
 z - an amulet of faith (around neck)
 G - a ring of willpower (left hand)
Wands
 x - a wand of mindburst (8)
 A - a wand of digging (12)
 D - a wand of flame (11)
 H - a wand of polymorph (2)
 J - a wand of iceblast (7)
Scrolls
 d - 2 scrolls of summoning {unknown}
 e - 2 scrolls of acquirement {unknown}
 f - a scroll of immolation {!r}
 h - a scroll of amnesia {unknown}
 l - 8 scrolls of enchant armour {unknown}
 m - 2 scrolls of blinking {unknown}
 o - a scroll of holy word {unknown}
 p - 2 scrolls of fog {unknown}
 u - 5 scrolls of identify {unknown}
 y - 2 scrolls of enchant weapon {unknown}
Potions
 c - a potion of brilliance {unknown}
 g - a potion of resistance {unknown}
 i - a potion of lignification {unknown}
 j - a potion of curing {unknown}
 k - 2 potions of might {unknown}
 n - 2 potions of heal wounds {unknown}
 r - a potion of ambrosia {unknown}
 v - a potion of invisibility {unknown}
 w - a potion of magic {unknown}
 I - a potion of degeneration {unknown}
 K - a potion of cancellation {unknown}

Dungeon Overview and Level Annotations

Branches:
Dungeon (8/15)             Temple (0/1) D:5            Lair (0/6) D:8

Altars:
Ashenzari
Dithmenos
Fedhas
Gozag
Kikubaaqudgha
Vehumet
Zin

Shops:
D:4 *

Annotations:
D:4 1 runed translucent door, exclusion: door, senseless's ghost, novice MiFi
D:8 Maggie

▒▒▒▒▒
▒▒▒▒▒▒▒▒▒▒▒▒▒▒▒▒▒▒▒▒▒....
▒.......H..)........'....
▒......@▒▒▒▒▒▒▒▒▒▒▒▒▒....
▒.......▒ ▒.... ▒.......▒
▒.[.. ▒▒▒▒▒▒▒)▒▒
▒▒▒▒▒.... .........▒
▒........
▒▒▒▒▒▒▒..▒▒▒▒▒▒▒▒........
▒▒▒▒▒▒▒...▒▒.............
............(...▒▒▒......


You could see Maggie (mesmerising).


Message History

You hit Maggie but do no damage.
Your tail-slap misses Maggie.
Maggie is moderately wounded.
Maggie closely misses you.
You closely miss Maggie. You tail-slap Maggie!
Maggie is moderately wounded.
You block Maggie's attack.
You hit Maggie.
Maggie is heavily wounded.
Maggie hits you but does no damage.
You hit Maggie.
Maggie is heavily wounded.
Maggie points at you and mumbles some strange words.
The bolt of fire hits you!
* * * LOW HITPOINT WARNING * * *
Aiming: Iceblast The mass of ice explodes!
The iceblast engulfs Maggie!!
Maggie is almost dead.
Maggie points at you and mumbles some strange words.
The bolt of fire hits you!
* * * LOW HITPOINT WARNING * * *
Aiming: Iceblast The mass of ice explodes!
The iceblast engulfs Maggie!
Maggie is almost dead.
Maggie gestures at you while chanting. The bolt of fire hits you!
You die...

Action                   |  1- 3 |  4- 6 |  7- 9 || total
-------------------------+-------+-------+-------++-------
Melee: Hand axe          |    35 |       |       ||    35
       Tailslap          |    14 |    19 |    50 ||    83
       War axe           |    54 |   125 |   219 ||   398
       Whip              |       |       |    24 ||    24
Invok: Bend Space        |       |     1 |       ||     1
       Banish            |       |       |     7 ||     7
 Abil: Rolling Charge    |     3 |       |    10 ||    13
Evoke: Wand              |       |       |     2 ||     2
 Stab: Sleeping          |       |       |     1 ||     1
Armor: Leather armour    |    32 |    42 |    44 ||   118
Dodge: Dodged            |    42 |    49 |    68 ||   159
Block: Buckler           |     9 |    23 |    65 ||    97

Levels and vault maps discovered:
D:1:      dpeg_arrival_fog, layout_loops_cross, minmay_small_reverse_x
D:2:      layout_basic, uniq_terence
D:3:      layout_basic, serial_bayou, serial_bayou_pond_b,
          serial_bayou_crossing, serial_bayou_pond_a, serial_bayou_ford_a,
          ebering_ecumenical_altar_box
D:4:      layout_loops_ring, mainiacjoe_overflow_paths, zin_purify,
          ebering_ghost_inner_flame, grunt_ministairs_11, minmay_door_square,
          minmay_misc_feat_columns, minmay_misc_feat_ornament,
          columned_hall_lemuel, grunt_decor_mini_mirrors
D:5:      layout_basic, amcnicky_altar_gilded, minmay_temple_entry_tees
D:6:      layout_loops_ring, vehumet_altar_wand_db, minmay_misc_feat_rows,
          uniq_grinder
D:7:      layout_loops_corners, minmay_overflow_temple_star_quad
D:8:      layout_basic, mainiacjoe_overflow_chevrons, dpeg_oklobed_lair,
          uniq_maggie, uniq_maurice

Notes
Turn   | Place    | Note
-------+----------+-------------------------------------------
     0 | Abyss:1  | sanka the Palentonga Abyssal Knight began the quest for the
                  | Orb.
     0 | Abyss:1  | Reached XP level 1. HP: 19/19 MP: 2/2
    10 | D:1      | Escaped the Abyss
   528 | D:1      | Reached XP level 2. HP: 24/25 MP: 3/3
   553 | D:1      | Reached skill level 3 in Axes
  1285 | D:2      | Reached XP level 3. HP: 29/31 MP: 4/4
  1313 | D:2      | Reached ** piety under Lugonu
  1394 | D:2      | Reached skill level 1 in Shields
  1768 | D:2      | Noticed Terence
  1771 | D:2      | Killed Terence
  1772 | D:2      | Reached XP level 4. HP: 35/37 MP: 5/5
  2919 | D:3      | Found a faded altar of an unknown god.
  2922 | D:3      | Reached skill level 4 in Axes
  3218 | D:4      | Found Zin's Purification Station.
  3221 | D:4      | Found a glowing silver altar of Zin.
  3250 | D:4      | HP: 3/37 [iguana (9)]
  3593 | D:4      | Reached skill level 2 in Shields
  3627 | D:4      | Identified the +0 leather armour of Insurance {Dex+7}
  3657 | D:4      | Found a broken altar of Ashenzari.
  3862 | D:4      | Noticed a necrophage
  3864 | D:4      | Reached XP level 5. HP: 35/43 MP: 6/6
  3870 | D:4      | Killed a necrophage
  3871 | D:4      | Reached skill level 5 in Axes
  3952 | D:4      | Reached XP level 6. HP: 33/50 MP: 7/7
  4346 | D:4      | Reached *** piety under Lugonu
  4493 | D:4      | Reached skill level 6 in Axes
  4802 | D:4      | Found a runed translucent door.
  4803 | D:4      | Noticed senseless's ghost (novice MiFi)
  4898 | D:5      | Entered Level 5 of the Dungeon
  4898 | D:5      | Noticed a sky beast
  4941 | D:5      | Found a staircase to the Ecumenical Temple.
  5281 | D:4      | Killed a sky beast
  5282 | D:4      | Reached skill level 7 in Axes
  5282 | D:4      | Gained mutation: You curl defensively after being hit. (AC
                  | +7*) [Palentonga growth]
  5282 | D:4      | Reached XP level 7. HP: 42/55 MP: 8/8
  5484 | D:5      | Identified the +1 buckler of Card Tricks {Int+3 SInv}
  5621 | D:5      | Reached skill level 3 in Invocations
  5831 | D:5      | Reached skill level 4 in Invocations
  6045 | D:5      | HP: 4/55 [acid dragon (3)]
  6047 | D:5      | Reached skill level 5 in Invocations
  6473 | D:5      | Found an opulent altar of Gozag.
  6817 | D:6      | Noticed Grinder
  6846 | D:6      | Reached skill level 6 in Invocations
  6848 | D:6      | Killed Grinder
  6849 | D:6      | Reached skill level 7 in Invocations
  6849 | D:6      | Reached XP level 8. HP: 41/62 MP: 7/13
  7329 | D:6      | Reached skill level 8 in Invocations
  7886 | D:6      | Found a radiant altar of Vehumet.
  7900 | D:6      | Reached skill level 4 in Fighting
  8879 | D:7      | Reached skill level 8 in Axes
  9115 | D:7      | Reached skill level 5 in Fighting
  9115 | D:7      | Reached XP level 9. HP: 58/72 MP: 15/15
  9182 | D:7      | Found a shadowy altar of Dithmenos.
  9188 | D:7      | Found a blossoming altar of Fedhas.
  9193 | D:7      | Found an ancient bone altar of Kikubaaqudgha.
  9431 | D:7      | Noticed a troll
  9435 | D:7      | Banished a troll
 10201 | D:7      | Reached skill level 6 in Fighting
 10751 | D:8      | Reached skill level 9 in Axes
 10905 | D:8      | Noticed Maurice
 10933 | D:8      | Killed Maurice
 11225 | D:8      | Found a staircase to the Lair.
 11482 | D:8      | Reached skill level 10 in Axes
 11524 | D:8      | Identified +0 steam dragon scales
 11524 | D:8      | Noticed Maggie
 11555 | D:8      | HP: 6/73 [Maggie/bolt of fire (14)]
 11556 | D:8      | Killed from afar by Maggie

Vanquished Creatures
  Maurice (D:8)
  Grinder (D:6)
  A hornet zombie (D:6)
  An orc warrior (D:7)
  A sky beast (D:4)
  A black bear (D:6)
  3 ogres
  A necrophage (D:4)
  A bullfrog (D:7)
  A scorpion (D:4)
  A water moccasin zombie (D:5)
  A water moccasin skeleton (D:6)
  7 killer bees
  A howler monkey (D:4)
  A centaur zombie (D:6)
  A jelly (D:4)
  5 hounds
  2 bullfrog skeletons
  Terence (D:2)
  5 iguanas
  2 orc wizards (D:7)
  A killer bee zombie (D:7)
  A hound skeleton (D:5)
  A howler monkey zombie (D:8)
  4 gnolls (D:7)
  5 adders
  2 white imps (D:5)
  An ufetubus (D:6)
  6 dart slugs
  14 orcs
  7 bats
  11 endoplasms
  3 giant cockroaches
  6 goblins
  7 hobgoblins
  9 jackals
  2 quokkas
  7 ball pythons
  2 frilled lizards (D:1)
  3 kobolds
  3 rats
134 creatures vanquished.

Vanquished Creatures (others)
  10 plants (D:3)
10 creatures vanquished.

Grand Total: 144 creatures vanquished
